 Dungeon Crawl Stone Soup version 0.22-a0-254-gaf95ca0 (webtiles) character file.

14800 RoseArtemis the Slicer (level 11, -4/104 HPs)
             Began as a Minotaur Fighter on Mar 5, 2018.
             Was an Elder of Okawaru.
             Slain by a thrashing horror (5 damage)
             ... on level 1 of the Abyss.
             The game lasted 00:27:09 (14452 turns).

RoseArtemis the Slicer (Minotaur Fighter)          Turns: 14452, Time: 00:27:09

Health: -4/104     AC: 15    Str: 23    XL:     11   Next: 93%
Magic:  10/10      EV: 10    Int:  5    God:    Okawaru [****..]
Gold:   512        SH: 13    Dex: 11    Spells: 10/10 levels left

rFire    . . .     SeeInvis .   a - +0 rapier
rCold    . . .     Gourm    +   c - +0 shield
rNeg     + . .     Faith    .   J - +0 acid dragon scales "Ister" {rElec rCorr}
rPois    .         Spirit   .   (helmet restricted)
rElec    +         Reflect  .   (no cloak)
rCorr    +         Harm     .   M - +2 pair of gloves {archery}
MR       .....                  Q - +0 pair of boots
Stlth    +.........             s - amulet of the gourmand
HPRegen  0.27/turn              o - ring of positive energy
MPRegen  0.12/turn              t - +3 ring of protection

@: hasted, very quick
A: retaliatory headbutt, horns 2
a: Heroism, Renounce Religion


You were on level 1 of the Abyss.
You worshipped Okawaru.
Okawaru was greatly pleased with you.
You were completely stuffed.

You visited 3 branches of the dungeon, and saw 12 of its levels.
You visited the Abyss 1 time.

You collected 512 gold pieces.

Inventory:

Hand Weapons
 a - a +0 rapier (weapon)
Armour
 b - a +0 scale mail
 c - a +0 shield (worn)
 d - a +0 plate armour
 J - the +0 acid dragon scales "Ister" (worn) {rElec rCorr}
   (You found it on level 9 of the Dungeon)

   It insulates you from electricity.
   It protects you from acid and corrosion.
 M - a +2 pair of gloves of archery (worn)
 Q - a +0 pair of boots (worn)
Jewellery
 o - a ring of positive energy (left hand)
 s - an amulet of the gourmand (around neck)
 t - a +3 ring of protection (right hand)
 F - an uncursed ring of see invisible
 H - an uncursed amulet of guardian spirit {unknown}
 I - a +3 amulet of reflection {unknown}
 L - a cursed ring of loudness {unknown}
 O - a +3 ring of intelligence {unknown}
Wands
 j - a wand of paralysis (7)
 u - a wand of digging (11)
 y - a wand of disintegration (15)
 E - a wand of flame (31)
Scrolls
 e - 2 scrolls of fog
 g - 3 scrolls of remove curse {unknown}
 h - 2 scrolls of magic mapping {unknown}
 l - 2 scrolls of fear {unknown}
 n - 3 scrolls of teleportation {unknown}
 r - 3 scrolls of enchant armour {unknown}
 w - a scroll of torment {unknown}
 A - 3 scrolls of enchant weapon {unknown}
 C - 2 scrolls of immolation {unknown}
 N - a scroll of identify
 P - a scroll of holy word {unknown}
Potions
 k - a potion of berserk rage {unknown}
 m - 2 potions of agility
 p - a potion of flight
 q - 2 potions of heal wounds {unknown}
 v - 2 potions of curing {unknown}
 x - 2 potions of brilliance {unknown}
 z - 2 potions of degeneration {unknown}
 D - a potion of might
 G - 2 potions of resistance
Comestibles
 f - 26 rations
 K - 6 chunks of flesh


   Skills:
 + Level 12.0 Fighting
 - Level 14.0 Short Blades
 - Level 6.0 Armour
 + Level 12.0 Shields


You had 10 spell levels left.
You didn't know any spells.

Dungeon Overview and Level Annotations

Branches:
Dungeon (10/15)            Temple (1/1) D:4            Lair (1/6) D:8
    Orc (0/2) D:10

Altars:
Ashenzari
Cheibriados
Dithmenos
Elyvilon
Fedhas
Gozag
Hepliaklqana
Kikubaaqudgha
Makhleb
Nemelex Xobeh
Okawaru
Qazlal
Ru
Sif Muna
Trog
Uskayaw
Vehumet
Wu Jian
Xom
Yredelemnul
Zin
The Shining One
Beogh
Jiyva

Annotations:
Lair:1 Sonja


Innate Abilities, Weirdness & Mutations

You reflexively headbutt those who attack you in melee.
You have a pair of horns on your head.


Message History

The thrashing horror closely misses you.
The thrashing horror roars!
The thrashing horror tramples you.
* * * LOW HITPOINT WARNING * * *
You hold your ground!
You block the thrashing horror's attack.
The thrashing horror barely misses you.
You block the thrashing horror's attack.
A tentacled starspawn comes into view.
The thrashing horror roars!
A tentacle flies out from the starspawn's body!
The thrashing horror tramples you but does no damage. x2
The thrashing horror tramples you!
* * * LOW HITPOINT WARNING * * *
You stumble backwards!
A starspawn tentacle comes into view.
The thrashing horror tramples you!
* * * LOW HITPOINT WARNING * * *
You hold your ground!
The thrashing horror tramples you.
You die...

##...... ##.. ≈≈
....... #...≈≈≈
#...... # #..≈≈♣
#.....# #.#..≈≈≈
#...... #.#..≈≈≈
#.....#### #....≈≈
#......#.######.. ≈
≈≈
#@.#....#.###.≈≈5≈
#.#X#.X.......#≈♣≈≈
#.#.X#####.....♣≈≈
#.##.# #.....≈≈≈≈
#. #X. # ...≈≈≈≈≈
## ..## ##...≈♣≈♣≈
#.# #. ..≈≈≈≈≈ #..
#. #♣≈≈≈# ...
....##≈ . .


You could see a tentacled starspawn and 2 thrashing horrors.

Vanquished Creatures
  A two-headed ogre (D:8)
  The ghost of RoseArtemis the Slicer, a novice MiFi (D:8)
  An orc knight (D:10)
  Pikel (D:6)
  2 wizards (D:8)
  A black mamba (Lair:1)
  A spiny frog (Lair:1)
  2 komodo dragons (Lair:1)
  A tengu conjurer (D:9)
  A slime creature (D:9)
  4 hippogriffs
  Sigmund (D:6)
  A wyvern (D:9)
  A spriggan (D:7)
  16 yaks (D:10)
  Grum (D:8)
  A steam dragon (D:9)
  A hungry ghost (D:10)
  A soldier ant (D:9)
  5 porcupines
  A sky beast (D:10)
  2 slaves
  A black bear (D:8)
  12 orc warriors
  4 ice beasts
  4 phantoms
  A necrophage (D:7)
  3 ogres
  4 wolves (D:8)
  2 crocodiles (Lair:1)
  Blork the orc (D:6)
  6 bullfrogs
  2 big kobolds
  3 scorpions
  4 killer bees (D:9)
  The ghost of Anon1729 the Firebug, a weakling DsFE (D:4)
  3 centaur zombies
  3 howler monkeys
  5 crimson imps
  A jelly (D:10)
  8 hounds
  2 centaur skeletons
  6 orc priests
  3 gnoll shamans (D:4)
  An iron imp (D:5)
  6 orc wizards
  2 bullfrog skeletons
  9 worker ants
  Ijyb (D:4)
  2 iguanas
  A hound skeleton (D:10)
  2 worker ant zombies (D:10)
  26 gnolls (D:4)
  12 adders
  A howler monkey skeleton (D:4)
  3 shadow imps
  An adder skeleton (D:9)
  4 worms
  A dart slug (D:2)
  4 leopard geckos
  43 orcs
  2 ball pythons (D:3)
  5 giant cockroaches
  8 hobgoblins
  25 jackals
  12 kobolds
  4 quokkas
  3 bats
  9 frilled lizards
  9 goblins
  A leopard gecko skeleton (D:8)
  2 quokka skeletons (D:4)
  4 rats
329 creatures vanquished.

Vanquished Creatures (others)
  A slave (D:6)
  An adder (D:6)
  46 fungi (D:8)
  34 plants (D:8)
  2 starspawn tentacles (Abyss:1)
  A withered plant (D:8)
85 creatures vanquished.

Grand Total: 414 creatures vanquished

Notes
Turn   | Place    | Note
-------+----------+-------------------------------------------
     0 | D:1      | RoseArtemis the Minotaur Fighter began the quest for the Orb.
     0 | D:1      | Reached XP level 1. HP: 19/19 MP: 0/0
   382 | D:1      | Reached XP level 2. HP: 25/27 MP: 1/1
   905 | D:2      | Reached XP level 3. HP: 33/33 MP: 2/2
   910 | D:2      | Reached skill level 3 in Short Blades
  1010 | D:2      | Found a bloodstained altar of Trog.
  1010 | D:2      | Found a hide-covered altar of Uskayaw.
  1025 | D:2      | Found a glowing golden altar of the Shining One.
  1027 | D:2      | Found an opulent altar of Gozag.
  1029 | D:2      | Found an ornate altar of the Wu Jian Council.
  1070 | D:2      | Found a sacrificial altar of Ru.
  1494 | D:3      | Reached XP level 4. HP: 39/41 MP: 3/3
  2037 | D:4      | Noticed an ogre
  2052 | D:4      | Killed an ogre
  2052 | D:4      | Reached skill level 4 in Short Blades
  2052 | D:4      | Reached XP level 5. HP: 23/47 MP: 4/4
  2079 | D:4      | Reached XP level 6. HP: 11/55 MP: 5/5
  2362 | D:4      | Found a staircase to the Ecumenical Temple.
  2382 | D:4      | Reached skill level 5 in Fighting
  2424 | D:4      | Reached skill level 5 in Short Blades
  2424 | D:4      | Reached skill level 5 in Armour
  2424 | D:4      | Reached skill level 5 in Shields
  2489 | D:4      | Found a hazy altar of Hepliaklqana.
  2491 | D:4      | Noticed Ijyb
  2500 | D:4      | Paralysed by Ijyb for 5 turns
  2509 | D:4      | Paralysed by Ijyb for 5 turns
  2516 | D:4      | Killed Ijyb
  2656 | D:4      | Noticed Anon1729's ghost (weakling DsFE)
  2679 | D:4      | Killed Anon1729's ghost
  3424 | D:4      | Reached XP level 7. HP: 61/61 MP: 6/6
  3653 | D:4      | Reached skill level 6 in Short Blades
  3669 | D:4      | HP: 1/62 [gnoll/halberd (3)]
  4910 | Temple   | Entered the Ecumenical Temple
  5046 | Temple   | Became a worshipper of Warmaster Okawaru
  5078 | D:5      | Entered Level 5 of the Dungeon
  5084 | D:5      | Reached XP level 8. HP: 70/70 MP: 7/7
  5097 | D:5      | Reached skill level 7 in Short Blades
  5669 | D:5      | Found a sparkling altar of Nemelex Xobeh.
  5901 | D:5      | Found a snail-covered altar of Cheibriados.
  6007 | D:6      | Noticed Blork the orc
  6021 | D:6      | Killed Blork the orc
  6044 | D:6      | Noticed Sigmund
  6047 | D:6      | Noticed Pikel
  6189 | D:6      | Killed Pikel
  6189 | D:6      | Reached * piety under Okawaru
  6189 | D:6      | Reached skill level 8 in Short Blades
  6208 | D:6      | Found a white marble altar of Elyvilon.
  6215 | D:6      | Reached XP level 9. HP: 70/79 MP: 8/8
  6353 | D:6      | Reached skill level 9 in Short Blades
  6731 | D:6      | Killed Sigmund
  6742 | D:6      | Reached ** piety under Okawaru
  7148 | D:7      | Reached skill level 10 in Short Blades
  7559 | D:7      | Found a sparkling altar of Nemelex Xobeh.
  7647 | D:7      | Reached *** piety under Okawaru
  7716 | D:7      | Found a sacrificial altar of Ru.
  7717 | D:7      | Found a deep blue altar of Sif Muna.
  7971 | D:8      | Found the +8 demon blade "Leech" {vamp, rN+ AC-3 EV-3}
  8034 | D:8      | Found an ancient bone altar of Kikubaaqudgha.
  8034 | D:8      | Found a blossoming altar of Fedhas.
  8062 | D:8      | Noticed a wizard
  8068 | D:8      | Noticed a two-headed ogre
  8069 | D:8      | Killed a wizard
  8069 | D:8      | Reached XP level 10. HP: 88/91 MP: 9/9
  8071 | D:8      | Reached skill level 11 in Short Blades
  8072 | D:8      | Noticed a wizard
  8087 | D:8      | Killed a two-headed ogre
  8087 | D:8      | Reached **** piety under Okawaru
  8094 | D:8      | Killed a wizard
  8554 | D:8      | Noticed RoseArtemis's ghost (novice MiFi)
  8592 | D:8      | Killed RoseArtemis's ghost
  8592 | D:8      | Reached skill level 10 in Fighting
  8592 | D:8      | Reached skill level 10 in Shields
  8819 | D:8      | Noticed Grum
  8831 | D:8      | Killed Grum
  8831 | D:8      | Reached skill level 12 in Short Blades
  8836 | D:8      | Reached ***** piety under Okawaru
  9688 | D:8      | Found a staircase to the Lair.
 10355 | D:9      | You fall through a shaft!
 10355 | D:10     | Entered Level 10 of the Dungeon
 10686 | D:9      | Reached XP level 11. HP: 75/101 MP: 10/10
 11300 | D:9      | Got ancient acid dragon scales
 11311 | D:9      | Identified the +0 acid dragon scales "Ister" {rElec rCorr} (You found it on level 9 of the Dungeon)
 11510 | D:10     | Reached skill level 13 in Short Blades
 11585 | D:10     | Received a gift from Okawaru
 11918 | D:10     | Found a roughly hewn altar of Beogh.
 11918 | D:10     | Found a staircase to the Orcish Mines.
 11920 | D:10     | Noticed an orc knight
 11966 | D:10     | Killed an orc knight
 13522 | Lair:1   | Entered Level 1 of the Lair of Beasts
 13540 | Lair:1   | Reached skill level 14 in Short Blades
 14349 | Lair:1   | Noticed Sonja
 14357 | Lair:1   | Cast into level 1 of the Abyss (Sonja)
 14426 | Abyss:1  | Noticed a thrashing horror
 14429 | Abyss:1  | Noticed a thrashing horror
 14450 | Abyss:1  | Noticed a tentacled starspawn
 14452 | Abyss:1  | HP: 1/104 [thrashing horror (12)]
 14452 | Abyss:1  | Slain by a thrashing horror

Vault maps used:
D:1:      saegor_arrival_simple_c
D:2:      chequers_temple_overflow_minitemple, nicolae_ru_awakened_eye
D:3:      guppyfry_early_orc_mine
D:4:      lemuel_castle_with_subvaults, lemuel_doored_altar, temple_green,
          minivault_19, uniq_ijyb
D:5:      nemelex_xobeh_ov_fountains_minmay, slow_altar_2, first_ration,
          minivault_23
D:6:      elyvilon_altar_5, uniq_blork_the_orc, uniq_pikel, uniq_sigmund
D:7:      grunt_temple_overflow_open, the_bakery, nemelex_spade_bored_becter
D:8:      cheibrodos_wizards_tower, grunt_temple_overflow_growth_and_decay,
          due_lair_maze_entry_diamond, uniq_grum
D:9:      minmay_misc_feat_tiny, minmay_evil_grid
D:10:     david_orc_5, kennysheep_generic_room_12
Temple:   pf_slime_end_temple
Lair:1:   minmay_lair_oklob_chamber, lemuel_fruit_fields, uniq_sonja
Abyss:1:  onia_ninara_dug_in_and_dangerous

Skill      XL: |  1  2  3  4  5  6  7  8  9 10 11 |
---------------+----------------------------------+-----
Fighting       | 4 5 6 7 9 10 12 | 12.0
Armour         | 4 5 6 |  6.0
Short Blades   | 3 4 5 6 8 10 12 14 | 14.0
Shields        | 4 5 6 7 9 10 12 | 12.0

Action                   |  1- 3 |  4- 6 |  7- 9 | 10-12 || total
-------------------------+-------+-------+-------+-------++-------
Melee: Rapier            |   124 |   181 |   480 |   730 ||  1515
       Headbutt          |    18 |    31 |    93 |   181 ||   323
Invok: Heroism           |       |       |       |     9 ||     9
       Finesse           |       |       |       |     4 ||     4
  Use: Scroll            |     2 |     3 |     2 |     2 ||     9
       Potion            |       |     1 |     4 |     5 ||    10
  Eat: Chunk             |     2 |    24 |    15 |    25 ||    66
Armor: Scale mail        |    39 |    63 |    51 |       ||   153
       Plate armour      |       |       |   143 |    89 ||   232
       Acid dragon scale |       |       |       |    87 ||    87
Dodge: Dodged            |    23 |    61 |   105 |   130 ||   319
Block: Shield            |    58 |    84 |   244 |   281 ||   667

Table legend:
 A = Spawn XP
 B = Non-spawn XP
 C = Spawn XP percentage of total XP
 D = Spawn monster count
 E = Non-spawn monster count
 F = Spawn count percentage of total count
 G = Total turns spent on level
                    A         B        C        D         E        F      G
               +---------+---------+-------+---------+---------+-------+---------
         Total |       0 |   21144 |   0.0 |       0 |     327 |   0.0 | 14452
               +---------+---------+-------+---------+---------+-------+---------
           D:1 |       0 |      16 |   0.0 |       0 |      11 |   0.0 |   711
           D:2 |       0 |      54 |   0.0 |       0 |      18 |   0.0 |   598
           D:3 |       0 |      94 |   0.0 |       0 |      25 |   0.0 |   991
           D:4 |       0 |    1245 |   0.0 |       0 |      73 |   0.0 |  2627
           D:5 |       0 |     584 |   0.0 |       0 |      16 |   0.0 |   953
           D:6 |       0 |    1241 |   0.0 |       0 |      20 |   0.0 |  1029
           D:7 |       0 |    1823 |   0.0 |       0 |      27 |   0.0 |   736
           D:8 |       0 |    5261 |   0.0 |       0 |      39 |   0.0 |  2385
           D:9 |       0 |    2381 |   0.0 |       0 |      31 |   0.0 |  1649
          D:10 |       0 |    5953 |   0.0 |       0 |      56 |   0.0 |  1692
        Lair:1 |       0 |    2492 |   0.0 |       0 |      11 |   0.0 |   835
               +---------+---------+-------+---------+---------+-------+---------
